 Dungeon Crawl Stone Soup version 0.22-b1-59-g0aedee734a (webtiles) character file.

331 IceCat the Charmwright (level 6, 28/51 HPs)
             Began as a Gnoll Skald on Aug 9, 2018.
             Quit the game on level 4 of the Dungeon.
             The game lasted 00:21:43 (2641 turns).

IceCat the Charmwright (Gnoll Skald)                Turns: 2641, Time: 00:21:44

Health: 28/51      AC:  5    Str: 14    XL:     6   Next: 51%
Magic:  14/14      EV: 16    Int: 17    God:
Gold:   135        SH:  0    Dex: 14    Spells: 4/15 levels left

rFire    . . .     SeeInvis .   a - +0 trident
rCold    . . .     Gourm    .   (no shield)
rNeg     . . .     Faith    .   b - +0 leather armour
rPois    .         Spirit   .   (no helmet)
rElec    .         Reflect  .   (no cloak)
rCorr    .         Harm     .   h - +0 pair of gloves
MR       .....                  n - +0 pair of boots
Stlth    ++........             (no amulet)
HPRegen  0.17/turn              k - +2 ring of evasion
MPRegen  0.14/turn              (no ring)

@: quite poisoned (28 -> 17)
A: distributed training, fangs 1, strong nose
a: no special abilities


You were on level 4 of the Dungeon.
You were not hungry.

You visited 1 branch of the dungeon, and saw 4 of its levels.

You collected 135 gold pieces.

Inventory:

Hand Weapons
 a - a +0 trident (weapon)
Armour
 b - a +0 leather armour (worn)
 h - a +0 pair of gloves (worn)
 n - a +0 pair of boots (worn)
Jewellery
 k - a +2 ring of evasion (left hand)
Wands
 m - a wand of disintegration (17)
 x - a wand of digging (9)
Scrolls
 i - 4 scrolls of teleportation {unknown}
 j - a scroll of enchant weapon {unknown}
 l - a scroll of amnesia {unknown}
 p - 3 scrolls of magic mapping {unknown}
 r - 5 scrolls of identify {unknown}
 s - a scroll of fear {unknown}
 w - a scroll of immolation {unknown}
Potions
 c - a potion of cancellation {unknown}
 e - 4 potions of heal wounds {unknown}
 f - a potion of lignification {unknown}
 g - a potion of magic {unknown}
 o - a potion of berserk rage {unknown}
 q - a potion of might {unknown}
 t - 2 potions of haste {unknown}
 u - a potion of degeneration {unknown}
Comestibles
 d - 9 rations
 v - a chunk of flesh


   Skills:
 + Level 5.0 Fighting
 + Level 2.0 Short Blades
 + Level 2.0 Long Blades
 + Level 2.0 Axes
 + Level 2.0 Maces & Flails
 + Level 5.0 Polearms
 + Level 2.0 Staves
 + Level 2.0 Slings
 + Level 2.0 Bows
 + Level 2.0 Crossbows
 + Level 2.0 Throwing
 + Level 3.2 Armour
 + Level 5.0 Dodging
 + Level 2.0 Stealth
 + Level 2.0 Shields
 + Level 2.0 Unarmed Combat
 + Level 5.3 Spellcasting
 + Level 1.5 Conjurations
 + Level 1.5 Hexes
 + Level 5.6 Charms
 + Level 1.5 Summonings
 + Level 1.5 Necromancy
 + Level 1.5 Translocations
 + Level 1.5 Transmutations
 + Level 1.5 Fire Magic
 + Level 1.5 Ice Magic
 + Level 1.5 Air Magic
 + Level 1.5 Earth Magic
 + Level 1.5 Poison Magic
 + Level 2.1 Invocations
 + Level 2.0 Evocations


You had 4 spell levels left.
You knew the following spells:

 Your Spells              Type           Power        Failure   Level  Hunger
a - Infusion              Chrm           ###.         1%          1    None
b - Song of Slaying       Chrm           ###.....     2%          2    #......
c - Spectral Weapon       Hex/Chrm       ###.....     12%         3    ##.....
d - Shroud of Golubria    Chrm/Tloc      ###.......   6%          2    #......
e - Regeneration          Chrm/Necr      ###.......   12%         3    ##.....

Your spell library contained the following spells:

 Spells                   Type           Power        Failure   Level  Hunger


Dungeon Overview and Level Annotations

Branches:
Dungeon (4/15)
 Temple: D:4-7

Altars:
Nemelex Xobeh
Qazlal
Vehumet
The Shining One


Innate Abilities, Weirdness & Mutations

Your experience applies equally to all skills.
You have very sharp teeth.
Your uncanny sense of smell can sniff out nearby items.


Message History

Your Fighting skill increases to level 5!
Your Short Blades skill increases to level 2!
Your Long Blades skill increases to level 2!
Your Axes skill increases to level 2!
Your Maces & Flails skill increases to level 2!
Your Polearms skill increases to level 5!
Your Staves skill increases to level 2!
Your Slings skill increases to level 2!
Your Bows skill increases to level 2!
Your Crossbows skill increases to level 2!
Your Throwing skill increases to level 2!
Your Dodging skill increases to level 5!
Your Stealth skill increases to level 2!
Your Shields skill increases to level 2!
Your Unarmed Combat skill increases to level 2!
Your Evocations skill increases to level 2!
You feel sick.
Unknown command.
Quiver which item? (- for none, * to show all) (? for menu, Esc to quit)
Okay, then.
Are you sure you want to abandon this character and quit the game? (Confirm with "yes".)

##### ############ #....
#..........# #....
#..........# #....
#..(.....!.# #....
#....##.@.# #....
#....###'## #....
#.........# #....
#.........# ∆ #....
#...(......... #....
##...##...##... #....
##'######## .. ∆ #)...
#.........# ∆ . #....
#.....>...###########....


There were no monsters in sight!

Vanquished Creatures
  A scorpion (D:4)
  Terence (D:3)
  3 orc wizards (D:4)
  A worker ant (D:4)
  A gnoll (D:1)
  5 adders
  2 oozes (D:2)
  4 worms
  An adder skeleton (D:2)
  2 dart slugs
  2 leopard geckos
  4 orcs
  2 giant cockroaches (D:2)
  7 goblins
  7 hobgoblins
  3 jackals (D:1)
  4 quokkas
  A ball python (D:1)
  6 bats
  8 frilled lizards
  7 kobolds
  11 rats
83 creatures vanquished.

Notes
Turn   | Place    | Note
-------+----------+-------------------------------------------
     0 | D:1      | IceCat the Gnoll Skald began the quest for the Orb.
     0 | D:1      | Reached XP level 1. HP: 20/20 MP: 6/6
   115 | D:1      | Reached XP level 2. HP: 25/26 MP: 1/7
   305 | D:1      | Learned a level 2 spell: Song of Slaying
   342 | D:1      | Reached skill level 5 in Spellcasting
   342 | D:1      | Reached XP level 3. HP: 20/31 MP: 7/9
   754 | D:2      | Reached skill level 1 in Invocations
   841 | D:2      | Reached skill level 1 in Short Blades
   841 | D:2      | Reached skill level 1 in Long Blades
   841 | D:2      | Reached skill level 1 in Axes
   841 | D:2      | Reached skill level 1 in Maces & Flails
   841 | D:2      | Reached skill level 1 in Staves
   841 | D:2      | Reached skill level 1 in Slings
   841 | D:2      | Reached skill level 1 in Bows
   841 | D:2      | Reached skill level 1 in Crossbows
   841 | D:2      | Reached skill level 1 in Throwing
   841 | D:2      | Reached skill level 1 in Stealth
   841 | D:2      | Reached skill level 1 in Shields
   841 | D:2      | Reached skill level 1 in Unarmed Combat
   841 | D:2      | Reached skill level 1 in Evocations
   861 | D:2      | Reached XP level 4. HP: 34/38 MP: 7/11
   893 | D:2      | Learned a level 3 spell: Spectral Weapon
   896 | D:2      | Learned a level 2 spell: Shroud of Golubria
   900 | D:2      | Learned a level 3 spell: Regeneration
  1264 | D:2      | Found a sparkling altar of Nemelex Xobeh.
  1277 | D:2      | Reached skill level 1 in Conjurations
  1277 | D:2      | Reached skill level 1 in Hexes
  1277 | D:2      | Reached skill level 1 in Summonings
  1277 | D:2      | Reached skill level 1 in Necromancy
  1277 | D:2      | Reached skill level 1 in Translocations
  1277 | D:2      | Reached skill level 1 in Transmutations
  1277 | D:2      | Reached skill level 1 in Fire Magic
  1277 | D:2      | Reached skill level 1 in Ice Magic
  1277 | D:2      | Reached skill level 1 in Air Magic
  1277 | D:2      | Reached skill level 1 in Earth Magic
  1277 | D:2      | Reached skill level 1 in Poison Magic
  1521 | D:3      | Noticed Terence
  1546 | D:3      | Killed Terence
  1546 | D:3      | Reached XP level 5. HP: 18/43 MP: 4/12
  1838 | D:3      | Found a glowing golden altar of the Shining One.
  2266 | D:4      | Reached XP level 6. HP: 41/50 MP: 8/13
  2315 | D:4      | Found a stormy altar of Qazlal.
  2568 | D:4      | Found a radiant altar of Vehumet.
  2640 | D:4      | Reached skill level 5 in Fighting
  2640 | D:4      | Reached skill level 5 in Polearms
  2640 | D:4      | Reached skill level 5 in Dodging
  2641 | D:4      | Quit the game

Skill      XL: |  1  2  3  4  5  6 |
---------------+-------------------+-----
Spellcasting   | 5 |  5.3
Invocations    | 1 2 |  2.1
Short Blades   | 1 2 |  2.0
Long Blades    | 1 2 |  2.0
Axes           | 1 2 |  2.0
Maces & Flails | 1 2 |  2.0
Staves         | 1 2 |  2.0
Slings         | 1 2 |  2.0
Bows           | 1 2 |  2.0
Crossbows      | 1 2 |  2.0
Throwing       | 1 2 |  2.0
Stealth        | 1 2 |  2.0
Shields        | 1 2 |  2.0
Unarmed Combat | 1 2 |  2.0
Evocations     | 1 2 |  2.0
Conjurations   | 1 |  1.5
Hexes          | 1 |  1.5
Summonings     | 1 |  1.5
Necromancy     | 1 |  1.5
Translocations | 1 |  1.5
Transmutations | 1 |  1.5
Fire Magic     | 1 |  1.5
Ice Magic      | 1 |  1.5
Air Magic      | 1 |  1.5
Earth Magic    | 1 |  1.5
Poison Magic   | 1 |  1.5
Armour         | 3 |  3.2
Fighting       | 5 |  5.0
Polearms       | 5 |  5.0
Dodging        | 5 |  5.0
Charms         | |  5.6

Action                   |  1- 3 |  4- 6 || total
-------------------------+-------+-------++-------
Melee: Spear             |    91 |    65 ||   156
       Bite              |     6 |     6 ||    12
       Trident           |       |    61 ||    61
       Unarmed           |       |    24 ||    24
 Cast: Infusion          |     7 |     6 ||    13
       Song of Slaying   |     2 |     4 ||     6
       Spectral Weapon   |       |     6 ||     6
 Stab: Sleeping          |     1 |     1 ||     2
  Eat: Chunk             |       |     6 ||     6
Armor: Leather armour    |    20 |    20 ||    40
Dodge: Dodged            |    48 |    82 ||   130
